[ AOE2 MATCH · #479656649 ]
UnrankedTupi vs Italians
Player's team · LOSS
[ REPLAY ANALYSIS · EXTRACTED FROM THE RECORDED GAME ]
Feudal
10:56
Castle
14:33
Imperial
29:23
| APM avg | 36.4 |
| APM peak | 78 |
| eAPM avg | 22.0 |
| Villagers / military | 256 / 156 |
Focus
⚔️ 28.7% · 🌾 71.3%
Petard ×119 · Unknown (2579) ×110 · Archer ×22 · Skirmisher ×10 · Trebuchet (Packed) ×5
Feudal
13:04
Castle
16:59
Imperial
33:31
| APM avg | 36.7 |
| APM peak | 116 |
| eAPM avg | 22.7 |
| Villagers / military | 158 / 396 |
Focus
⚔️ 38.5% · 🌾 61.5%
Spearman ×361 · Unknown (882) ×117 · Trebuchet (Packed) ×11 · Petard ×10 · Battering Ram ×9 · Mangonel ×5
Feudal
11:14
Castle
15:13
Imperial
29:10
| APM avg | 49.9 |
| APM peak | 118 |
| eAPM avg | 27.6 |
| Villagers / military | 170 / 315 |
Focus
⚔️ 30.7% · 🌾 69.3%
Knight ×214 · Scout Cavalry ×57 · Hand Cannoneer ×38 · Camel Scout ×6
Feudal
11:29
Castle
15:09
Imperial
30:02
| APM avg | 41.9 |
| APM peak | 100 |
| eAPM avg | 24.3 |
| Villagers / military | 210 / 239 |
Focus
⚔️ 34.3% · 🌾 65.7%
Unknown (882) ×220 · Spearman ×147 · Leitis ×59 · Scout Cavalry ×15 · Battering Ram ×7 · Monk ×5
Feudal
11:47
Castle
14:34
Imperial
34:11
| APM avg | 62.0 |
| APM peak | 120 |
| eAPM avg | 32.2 |
| Villagers / military | 345 / 291 |
Focus
⚔️ 40.2% · 🌾 59.8%
Scout Cavalry ×93 · Battle Elephant ×87 · Spearman ×76 · Scorpion ×17 · Battering Ram ×17 · Trebuchet (Packed) ×1
Feudal
8:53
Castle
19:47
Imperial
33:20
| APM avg | 35.3 |
| APM peak | 73 |
| eAPM avg | 19.3 |
| Villagers / military | 156 / 521 |
Focus
⚔️ 41.3% · 🌾 58.7%
Steppe Lancer ×508 · Battering Ram ×11 · Petard ×1 · Trebuchet (Packed) ×1
Feudal
11:00
Castle
14:47
Imperial
—
| APM avg | 18.6 |
| APM peak | 67 |
| eAPM avg | 11.7 |
| Villagers / military | 92 / 4 |
Focus
⚔️ 30.0% · 🌾 70.0%
Mangonel ×2 · Battering Ram ×2
Feudal
8:26
Castle
23:29
Imperial
34:38
| APM avg | 41.3 |
| APM peak | 78 |
| eAPM avg | 24.3 |
| Villagers / military | 203 / 616 |
Focus
⚔️ 43.2% · 🌾 56.8%
Spearman ×474 · Militia ×98 · Bombard Cannon ×35 · Mangonel ×5 · Monk ×2 · Scout Cavalry ×2
Match map
Initial resources + every placement click. Lines = walls · curves = elevation contours. ◆ gold · ⬟ stone · ● berries · ✦ relic · ◌ wall gap
Your base· ✓ Closed at 14:33 · 0t walls · 3 gate(s)
Bzm_Castle's base· ✓ Closed at 16:59 · 0t walls · 2 gate(s)
HRA | TheRevMiracle's base· ✓ Closed at 15:13 · 0t walls · 2 gate(s)
Bzm_Going's base· ✓ Closed at 15:09 · 0t walls · 2 gate(s)
Thundernips, The Ultimate Gigolo's base· ✓ Closed at 14:34 · 0t walls · 6 gate(s)
Bzm_Thejose's base· ✓ Closed at 19:47 · 0t walls · 2 gate(s)
Bzm_Kuvâ-yı Milliye's base· ✓ Closed at 14:47 · 6t walls · 3 gate(s)
caterpie's base· ✓ Closed at 23:29 · 29t walls · 3 gate(s)
Smoothed initial terrain · ◌ = detected wall gap · hover for details
Inputs per minute
— daumasson - - Bzm_Castle
Build order — daumasson
First 150 of 597 actions detected
| 0:01 | Create | Villager (Male) |
| 0:02 | Build | House |
| 0:04 | Build | House |
| 0:19 | Create | Villager (Male) |
| 0:19 | Create | Villager (Male) |
| 0:30 | Create | Villager (Male) |
| 0:30 | Create | Villager (Male) |
| 1:08 | Create | Villager (Male) |
| 1:41 | Create | Villager (Male) |
| 1:57 | Build | Settlement |
| 2:08 | Create | Villager (Male) |
| 2:48 | Create | Villager (Male) |
| 2:49 | Create | Villager (Male) |
| 2:49 | Create | Villager (Male) |
| 3:40 | Create | Villager (Male) |
| 3:51 | Build | Settlement |
| 3:57 | Create | Villager (Male) |
| 4:28 | Create | Villager (Male) |
| 4:49 | Create | Villager (Male) |
| 4:49 | Create | Villager (Male) |
| 5:08 | Create | Villager (Male) |
| 5:30 | Create | Villager (Male) |
| 6:09 | Create | Villager (Male) |
| 6:09 | Create | Villager (Male) |
| 6:27 | Create | Villager (Male) |
| 6:27 | Create | Villager (Male) |
| 6:54 | Create | Villager (Male) |
| 7:07 | Create | Villager (Male) |
| 7:24 | Build | Settlement |
| 7:52 | Create | Villager (Male) |
| 8:09 | Build | Farm |
| 8:12 | Build | Farm |
| 8:19 | Create | Villager (Male) |
| 8:27 | Build | Settlement |
| 8:46 | Research | Feudal Age |
| 8:46 | Research | Feudal Age |
| 9:09 | Create | Villager (Male) |
| 9:09 | Create | Villager (Male) |
| 9:58 | Build | Farm |
| 10:56 | Age | Feudal Age |
| 10:59 | Build | Market |
| 11:01 | Build | Blacksmith |
| 11:53 | Research | Castle Age |
| 12:16 | Research | Double-Bit Axe |
| 12:38 | Research | Horse Collar |
| 14:16 | Create | Villager (Male) |
| 14:33 | Age | Castle Age |
| 14:36 | Build | Town Center |
| 14:54 | Build | Castle |
| 15:02 | Create | Villager (Male) |
| 15:04 | Create | Villager (Male) |
| 15:33 | Build | Farm |
| 15:33 | Build | Farm |
| 15:33 | Build | Farm |
| 15:34 | Create | Villager (Male) |
| 15:39 | Build | Farm |
| 15:57 | Create | Villager (Male) |
| 15:59 | Build | Farm |
| 16:10 | Create | Villager (Male) |
| 16:10 | Create | Villager (Male) |
| 16:13 | Build | Farm |
| 16:21 | Build | Farm |
| 16:23 | Create | Villager (Male) |
| 16:26 | Build | Farm |
| 16:39 | Create | Villager (Male) |
| 16:47 | Build | House |
| 16:48 | Build | House |
| 16:54 | Research | Bow Saw |
| 16:56 | Create | Villager (Male) |
| 17:08 | Create | Villager (Male) |
| 17:09 | Create | Unit 2579 |
| 17:14 | Create | Unit 2579 |
| 17:20 | Build | Farm |
| 17:24 | Create | Unit 2579 |
| 17:24 | Create | Unit 2579 |
| 17:26 | Create | Villager (Male) |
| 17:26 | Create | Villager (Male) |
| 17:27 | Create | Villager (Male) |
| 17:37 | Create | Villager (Male) |
| 17:45 | Build | Farm |
| 17:53 | Create | Unit 2579 |
| 17:59 | Create | Villager (Male) |
| 18:02 | Create | Unit 2579 |
| 18:03 | Create | Unit 2579 |
| 18:10 | Build | House |
| 18:12 | Build | House |
| 18:13 | Create | Villager (Male) |
| 18:17 | Create | Unit 2579 |
| 18:18 | Create | Unit 2579 |
| 18:22 | Create | Villager (Male) |
| 18:29 | Build | House |
| 18:31 | Build | House |
| 18:34 | Create | Unit 2579 |
| 18:39 | Create | Unit 2579 |
| 18:41 | Create | Villager (Male) |
| 18:41 | Create | Villager (Male) |
| 18:44 | Build | Farm |
| 18:51 | Build | Farm |
| 18:53 | Build | Farm |
| 18:54 | Create | Villager (Male) |
| 18:54 | Create | Villager (Male) |
| 18:55 | Create | Unit 2579 |
| 18:55 | Create | Unit 2579 |
| 19:09 | Create | Villager (Male) |
| 19:12 | Build | Farm |
| 19:15 | Build | Farm |
| 19:17 | Create | Villager (Male) |
| 19:17 | Create | Villager (Male) |
| 19:21 | Build | Farm |
| 19:23 | Create | Unit 2579 |
| 19:40 | Create | Villager (Male) |
| 19:40 | Create | Villager (Male) |
| 19:49 | Research | Loom |
| 19:50 | Research | Loom |
| 20:00 | Build | House |
| 20:01 | Build | House |
| 20:04 | Create | Villager (Male) |
| 20:04 | Create | Villager (Male) |
| 20:05 | Create | Villager (Male) |
| 20:16 | Create | Unit 2579 |
| 20:16 | Create | Unit 2579 |
| 20:25 | Research | Fletching |
| 20:29 | Create | Villager (Male) |
| 20:29 | Create | Villager (Male) |
| 20:43 | Build | Farm |
| 20:43 | Build | Farm |
| 20:43 | Build | Farm |
| 20:44 | Build | Farm |
| 20:50 | Build | Farm |
| 20:54 | Build | Farm |
| 20:55 | Create | Villager (Male) |
| 20:55 | Create | Villager (Male) |
| 20:56 | Create | Unit 2579 |
| 20:56 | Create | Unit 2579 |
| 21:03 | Build | House |
| 21:05 | Build | House |
| 21:06 | Create | Villager (Male) |
| 21:15 | Create | Unit 2579 |
| 21:20 | Create | Unit 2579 |
| 21:20 | Create | Unit 2579 |
| 21:21 | Create | Villager (Male) |
| 21:21 | Create | Villager (Male) |
| 21:23 | Create | Unit 2579 |
| 21:24 | Create | Unit 2579 |
| 21:28 | Research | Padded Archer Armor |
| 21:36 | Research | Bodkin Arrow |
| 21:40 | Create | Villager (Male) |
| 21:41 | Create | Villager (Male) |
| 21:48 | Create | Unit 2579 |
| 21:55 | Create | Villager (Male) |
Build order — Bzm_Castle
First 150 of 513 actions detected
| 0:02 | Create | Villager (Male) |
| 0:02 | Create | Villager (Male) |
| 0:03 | Build | House |
| 0:04 | Build | House |
| 0:20 | Create | Villager (Male) |
| 0:20 | Create | Villager (Male) |
| 0:20 | Create | Villager (Male) |
| 1:25 | Create | Villager (Male) |
| 1:26 | Create | Villager (Male) |
| 1:47 | Create | Villager (Male) |
| 1:47 | Create | Villager (Male) |
| 2:08 | Create | Villager (Male) |
| 2:08 | Create | Villager (Male) |
| 2:29 | Create | Villager (Male) |
| 2:39 | Build | Lumber Camp |
| 2:48 | Create | Villager (Male) |
| 2:48 | Create | Villager (Male) |
| 2:58 | Create | Villager (Male) |
| 2:59 | Create | Villager (Male) |
| 3:30 | Create | Villager (Male) |
| 3:30 | Create | Villager (Male) |
| 3:50 | Build | House |
| 3:51 | Build | House |
| 4:08 | Create | Villager (Male) |
| 4:08 | Create | Villager (Male) |
| 4:46 | Build | House |
| 4:55 | Create | Villager (Male) |
| 4:55 | Create | Villager (Male) |
| 5:08 | Create | Villager (Male) |
| 5:29 | Create | Villager (Male) |
| 5:29 | Create | Villager (Male) |
| 5:34 | Create | Villager (Male) |
| 5:34 | Create | Villager (Male) |
| 5:44 | Build | House |
| 5:57 | Build | Mill |
| 6:13 | Create | Villager (Male) |
| 6:14 | Create | Villager (Male) |
| 6:14 | Create | Villager (Male) |
| 6:21 | Create | Villager (Male) |
| 6:22 | Create | Villager (Male) |
| 6:53 | Build | Mill |
| 6:59 | Create | Villager (Male) |
| 6:59 | Create | Villager (Male) |
| 7:32 | Create | Villager (Male) |
| 7:33 | Create | Villager (Male) |
| 7:49 | Create | Villager (Male) |
| 7:49 | Create | Villager (Male) |
| 7:49 | Create | Villager (Male) |
| 8:04 | Build | Mining Camp |
| 8:07 | Create | Villager (Male) |
| 8:07 | Create | Villager (Male) |
| 8:07 | Create | Villager (Male) |
| 8:59 | Create | Villager (Male) |
| 9:08 | Build | Farm |
| 9:12 | Build | Farm |
| 9:25 | Build | Farm |
| 10:02 | Build | Farm |
| 10:06 | Create | Villager (Male) |
| 10:14 | Build | Mining Camp |
| 10:31 | Build | Farm |
| 10:44 | Research | Feudal Age |
| 11:51 | Build | Farm |
| 12:00 | Create | Villager (Male) |
| 12:00 | Create | Villager (Male) |
| 13:04 | Age | Feudal Age |
| 13:10 | Build | Market |
| 13:18 | Build | Blacksmith |
| 13:24 | Create | Villager (Male) |
| 13:56 | Build | House |
| 13:57 | Build | House |
| 14:08 | Research | Castle Age |
| 14:08 | Research | Castle Age |
| 14:13 | Research | Double-Bit Axe |
| 14:13 | Research | Double-Bit Axe |
| 14:14 | Research | Horse Collar |
| 14:14 | Research | Horse Collar |
| 14:17 | Research | Gold Mining |
| 14:17 | Research | Gold Mining |
| 15:03 | Build | House |
| 15:20 | Build | Farm |
| 15:23 | Build | Farm |
| 15:25 | Create | Villager (Male) |
| 15:26 | Create | Villager (Male) |
| 15:41 | Build | Farm |
| 15:43 | Build | Farm |
| 15:47 | Build | Farm |
| 15:49 | Build | Farm |
| 15:54 | Create | Villager (Male) |
| 16:59 | Age | Castle Age |
| 17:03 | Create | Villager (Male) |
| 17:09 | Build | Castle |
| 17:38 | Create | Villager (Male) |
| 17:44 | Build | Town Center |
| 18:12 | Create | Petard |
| 18:12 | Create | Petard |
| 18:12 | Create | Petard |
| 18:13 | Create | Petard |
| 18:13 | Create | Petard |
| 18:13 | Create | Petard |
| 18:35 | Create | Villager (Male) |
| 18:47 | Create | Petard |
| 18:47 | Create | Petard |
| 18:47 | Create | Petard |
| 19:09 | Build | Town Center |
| 19:11 | Create | Villager (Male) |
| 19:11 | Create | Villager (Male) |
| 19:17 | Research | Wheelbarrow |
| 19:21 | Research | Wheelbarrow |
| 19:22 | Research | Town Watch |
| 19:26 | Build | Farm |
| 19:31 | Create | Villager (Male) |
| 19:31 | Create | Villager (Male) |
| 19:57 | Build | House |
| 19:57 | Build | House |
| 19:59 | Build | House |
| 20:01 | Create | Villager (Male) |
| 20:02 | Create | Villager (Male) |
| 20:18 | Build | Farm |
| 20:20 | Build | Farm |
| 20:34 | Create | Petard |
| 20:43 | Create | Villager (Male) |
| 20:43 | Create | Villager (Male) |
| 20:51 | Create | Villager (Male) |
| 20:52 | Create | Villager (Male) |
| 21:29 | Build | Farm |
| 21:30 | Build | Farm |
| 21:31 | Create | Villager (Male) |
| 21:31 | Create | Villager (Male) |
| 21:31 | Create | Villager (Male) |
| 21:32 | Create | Villager (Male) |
| 21:32 | Create | Villager (Male) |
| 22:07 | Create | Villager (Male) |
| 22:07 | Create | Villager (Male) |
| 22:11 | Create | Villager (Male) |
| 22:11 | Create | Villager (Male) |
| 22:23 | Build | Siege Workshop |
| 22:29 | Build | Barracks |
| 22:31 | Build | Barracks |
| 22:37 | Create | Villager (Male) |
| 22:37 | Create | Villager (Male) |
| 22:37 | Create | Villager (Male) |
| 22:41 | Build | Farm |
| 22:42 | Build | Farm |
| 22:48 | Create | Villager (Male) |
| 22:52 | Build | Lumber Camp |
| 22:56 | Build | Farm |
| 23:09 | Create | Mangonel |
| 23:09 | Create | Mangonel |
| 23:17 | Build | Farm |
| 23:24 | Create | Villager (Male) |
Build order — HRA | TheRevMiracle
First 150 of 755 actions detected
| 0:00 | Create | Villager (Male) |
| 0:01 | Create | Villager (Male) |
| 0:02 | Build | House |
| 0:03 | Build | House |
| 0:33 | Create | Villager (Male) |
| 0:34 | Create | Villager (Male) |
| 0:34 | Create | Villager (Male) |
| 1:29 | Create | Villager (Male) |
| 1:40 | Build | Lumber Camp |
| 2:01 | Create | Villager (Male) |
| 2:26 | Create | Villager (Male) |
| 2:49 | Create | Villager (Male) |
| 3:14 | Build | House |
| 3:21 | Create | Villager (Male) |
| 3:47 | Build | Mill |
| 3:50 | Create | Villager (Male) |
| 3:50 | Create | Villager (Male) |
| 3:51 | Create | Villager (Male) |
| 4:38 | Create | Villager (Male) |
| 4:56 | Create | Villager (Male) |
| 5:23 | Create | Villager (Male) |
| 5:45 | Create | Villager (Male) |
| 6:00 | Build | Mill |
| 6:02 | Create | Villager (Male) |
| 6:22 | Research | Loom |
| 6:27 | Build | House |
| 6:40 | Create | Villager (Male) |
| 6:45 | Build | House |
| 6:49 | Create | Villager (Male) |
| 7:04 | Build | Lumber Camp |
| 7:23 | Create | Villager (Male) |
| 7:33 | Create | Villager (Male) |
| 8:10 | Create | Villager (Male) |
| 8:14 | Build | Mining Camp |
| 8:30 | Create | Villager (Male) |
| 8:48 | Research | Feudal Age |
| 9:03 | Build | Farm |
| 9:07 | Build | Farm |
| 9:19 | Build | Farm |
| 10:24 | Build | Farm |
| 10:44 | Create | Villager (Male) |
| 11:14 | Age | Feudal Age |
| 11:18 | Research | Double-Bit Axe |
| 11:20 | Create | Villager (Male) |
| 11:33 | Build | Blacksmith |
| 11:36 | Build | Market |
| 11:39 | Create | Villager (Male) |
| 11:39 | Create | Villager (Male) |
| 11:58 | Build | House |
| 12:02 | Build | Farm |
| 12:25 | Build | Farm |
| 12:48 | Research | Castle Age |
| 14:04 | Research | Gold Mining |
| 14:05 | Research | Horse Collar |
| 14:11 | Build | Barracks |
| 14:58 | Create | Villager (Male) |
| 14:59 | Create | Villager (Male) |
| 15:13 | Age | Castle Age |
| 15:15 | Build | Town Center |
| 15:18 | Research | Bow Saw |
| 15:26 | Build | Town Center |
| 15:37 | Create | Villager (Male) |
| 16:01 | Build | Farm |
| 16:41 | Create | Villager (Male) |
| 16:42 | Create | Villager (Male) |
| 16:43 | Create | Villager (Male) |
| 16:52 | Build | Farm |
| 16:53 | Build | Farm |
| 16:56 | Build | Farm |
| 16:56 | Build | Farm |
| 16:57 | Build | Farm |
| 16:59 | Create | Villager (Male) |
| 17:17 | Create | Villager (Male) |
| 17:25 | Build | Stable |
| 17:38 | Create | Villager (Male) |
| 17:38 | Create | Villager (Male) |
| 17:38 | Create | Villager (Male) |
| 17:53 | Build | Farm |
| 17:56 | Create | Villager (Male) |
| 18:03 | Build | Stable |
| 18:09 | Build | Farm |
| 18:12 | Build | Farm |
| 18:21 | Create | Villager (Male) |
| 18:21 | Create | Villager (Male) |
| 18:26 | Build | Farm |
| 18:27 | Build | Farm |
| 18:34 | Create | Villager (Male) |
| 18:43 | Create | Knight |
| 18:48 | Build | Farm |
| 18:53 | Create | Villager (Male) |
| 18:53 | Create | Villager (Male) |
| 18:53 | Create | Villager (Male) |
| 18:57 | Build | House |
| 18:59 | Build | House |
| 19:02 | Build | House |
| 19:07 | Build | House |
| 19:15 | Create | Knight |
| 19:15 | Create | Knight |
| 19:18 | Create | Villager (Male) |
| 19:19 | Create | Villager (Male) |
| 19:35 | Research | Forging |
| 19:40 | Create | Villager (Male) |
| 19:48 | Build | Stable |
| 19:51 | Create | Villager (Male) |
| 19:51 | Create | Villager (Male) |
| 19:58 | Build | Farm |
| 20:01 | Build | Farm |
| 20:16 | Create | Knight |
| 20:16 | Create | Knight |
| 20:19 | Create | Villager (Male) |
| 20:26 | Build | Farm |
| 20:29 | Build | Farm |
| 20:39 | Create | Knight |
| 20:39 | Create | Knight |
| 21:05 | Create | Knight |
| 21:05 | Create | Knight |
| 21:07 | Create | Villager (Male) |
| 21:08 | Create | Villager (Male) |
| 21:08 | Create | Villager (Male) |
| 21:23 | Build | Farm |
| 21:26 | Build | Farm |
| 21:36 | Research | Scale Barding Armor |
| 21:44 | Build | Farm |
| 21:45 | Build | Farm |
| 22:11 | Research | Wheelbarrow |
| 22:12 | Create | Villager (Male) |
| 22:12 | Create | Villager (Male) |
| 22:12 | Create | Villager (Male) |
| 22:28 | Create | Villager (Male) |
| 22:28 | Create | Villager (Male) |
| 22:34 | Build | House |
| 22:35 | Build | House |
| 22:55 | Create | Villager (Male) |
| 22:56 | Create | Villager (Male) |
| 22:59 | Build | House |
| 23:05 | Research | Bloodlines |
| 23:06 | Create | Knight |
| 23:06 | Create | Knight |
| 23:13 | Create | Villager (Male) |
| 23:13 | Create | Villager (Male) |
| 23:24 | Build | House |
| 23:25 | Build | House |
| 23:25 | Build | House |
| 23:38 | Build | Monastery |
| 23:40 | Build | House |
| 23:41 | Build | House |
| 23:49 | Research | Iron Casting |
| 23:51 | Create | Villager (Male) |
| 23:51 | Create | Villager (Male) |
| 23:59 | Build | Farm |
Build order — Bzm_Going
First 150 of 630 actions detected
| 0:02 | Create | Villager (Male) |
| 0:02 | Create | Villager (Male) |
| 0:03 | Create | Villager (Male) |
| 0:03 | Create | Villager (Male) |
| 0:03 | Create | Villager (Male) |
| 0:03 | Create | Villager (Male) |
| 0:04 | Build | House |
| 0:07 | Build | House |
| 1:20 | Create | Villager (Male) |
| 1:48 | Build | Lumber Camp |
| 1:57 | Create | Villager (Male) |
| 1:57 | Create | Villager (Male) |
| 2:08 | Create | Villager (Male) |
| 2:34 | Create | Villager (Male) |
| 2:34 | Create | Villager (Male) |
| 2:59 | Create | Villager (Male) |
| 3:00 | Create | Villager (Male) |
| 3:27 | Create | Villager (Male) |
| 3:27 | Create | Villager (Male) |
| 4:06 | Create | Villager (Male) |
| 4:21 | Build | House |
| 4:32 | Create | Villager (Male) |
| 4:32 | Create | Villager (Male) |
| 4:41 | Build | Mill |
| 4:56 | Create | Villager (Male) |
| 4:56 | Create | Villager (Male) |
| 5:20 | Build | House |
| 5:21 | Build | House |
| 5:23 | Build | House |
| 5:32 | Create | Villager (Male) |
| 5:32 | Create | Villager (Male) |
| 5:44 | Create | Villager (Male) |
| 6:02 | Create | Villager (Male) |
| 6:13 | Create | Villager (Male) |
| 6:25 | Create | Villager (Male) |
| 6:25 | Create | Villager (Male) |
| 6:43 | Create | Villager (Male) |
| 6:44 | Create | Villager (Male) |
| 6:53 | Build | Farm |
| 7:06 | Create | Villager (Male) |
| 7:06 | Create | Villager (Male) |
| 7:13 | Build | Farm |
| 7:16 | Build | Farm |
| 7:17 | Create | Villager (Male) |
| 7:25 | Create | Villager (Male) |
| 7:26 | Create | Villager (Male) |
| 7:36 | Create | Villager (Male) |
| 7:55 | Build | Lumber Camp |
| 8:05 | Create | Villager (Male) |
| 8:05 | Create | Villager (Male) |
| 8:53 | Build | Mining Camp |
| 9:12 | Research | Feudal Age |
| 10:07 | Build | Mill |
| 11:03 | Create | Villager (Male) |
| 11:03 | Create | Villager (Male) |
| 11:29 | Age | Feudal Age |
| 11:34 | Build | Market |
| 11:37 | Build | Blacksmith |
| 12:17 | Build | Barracks |
| 12:29 | Research | Castle Age |
| 13:29 | Build | Stable |
| 13:50 | Build | House |
| 13:51 | Build | House |
| 14:16 | Create | Scout Cavalry |
| 14:17 | Create | Scout Cavalry |
| 14:21 | Create | Scout Cavalry |
| 14:36 | Build | House |
| 15:06 | Create | Villager (Male) |
| 15:09 | Age | Castle Age |
| 15:12 | Build | Monastery |
| 15:19 | Build | Farm |
| 15:20 | Build | Farm |
| 15:21 | Create | Villager (Male) |
| 15:24 | Create | Scout Cavalry |
| 15:45 | Create | Scout Cavalry |
| 15:46 | Create | Villager (Male) |
| 15:49 | Create | Monk |
| 16:01 | Build | Farm |
| 16:02 | Build | Farm |
| 16:05 | Build | Farm |
| 16:20 | Create | Villager (Male) |
| 16:22 | Build | Farm |
| 16:26 | Create | Scout Cavalry |
| 16:38 | Research | Light Cavalry (upgrade) |
| 16:39 | Research | Bloodlines |
| 16:42 | Build | Farm |
| 16:52 | Research | Scale Barding Armor |
| 16:55 | Build | Farm |
| 16:58 | Create | Villager (Male) |
| 17:03 | Build | Farm |
| 17:22 | Build | Farm |
| 17:22 | Create | Monk |
| 17:35 | Create | Villager (Male) |
| 17:37 | Build | Farm |
| 17:49 | Build | Farm |
| 17:56 | Create | Villager (Male) |
| 18:10 | Research | Light Cavalry (upgrade) |
| 18:11 | Research | Light Cavalry (upgrade) |
| 18:27 | Create | Villager (Male) |
| 18:40 | Create | Monk |
| 18:40 | Create | Monk |
| 18:41 | Create | Villager (Male) |
| 18:42 | Create | Villager (Male) |
| 19:15 | Create | Scout Cavalry |
| 19:15 | Create | Scout Cavalry |
| 19:24 | Create | Scout Cavalry |
| 19:28 | Build | Farm |
| 19:30 | Build | Farm |
| 19:43 | Build | Town Center |
| 19:53 | Create | Scout Cavalry |
| 20:39 | Create | Villager (Male) |
| 20:39 | Create | Villager (Male) |
| 20:39 | Create | Villager (Male) |
| 20:44 | Build | Town Center |
| 21:20 | Create | Villager (Male) |
| 21:23 | Create | Villager (Male) |
| 21:23 | Create | Villager (Male) |
| 21:23 | Create | Villager (Male) |
| 21:50 | Build | Farm |
| 21:51 | Build | Farm |
| 21:51 | Build | Farm |
| 21:52 | Build | Farm |
| 21:52 | Build | Farm |
| 21:52 | Build | Farm |
| 21:52 | Build | Farm |
| 21:54 | Create | Villager (Male) |
| 21:54 | Create | Villager (Male) |
| 21:54 | Create | Villager (Male) |
| 22:49 | Create | Villager (Male) |
| 22:51 | Create | Villager (Male) |
| 22:51 | Create | Villager (Male) |
| 22:53 | Build | Farm |
| 22:53 | Build | Farm |
| 22:53 | Build | Farm |
| 22:53 | Build | Farm |
| 22:54 | Build | Farm |
| 23:04 | Build | Farm |
| 23:05 | Create | Villager (Male) |
| 23:07 | Create | Monk |
| 23:25 | Build | House |
| 23:26 | Build | House |
| 23:27 | Build | House |
| 23:30 | Build | House |
| 23:31 | Build | House |
| 23:35 | Build | Farm |
| 23:43 | Build | Farm |
| 23:43 | Build | Farm |
| 23:43 | Build | Farm |
| 23:46 | Create | Villager (Male) |
| 23:47 | Create | Villager (Male) |
Build order — Thundernips, The Ultimate Gigolo
First 150 of 858 actions detected
| 0:00 | Create | Villager (Male) |
| 0:00 | Create | Villager (Male) |
| 0:00 | Create | Villager (Male) |
| 0:01 | Create | Villager (Male) |
| 0:02 | Build | House |
| 0:03 | Build | House |
| 1:22 | Create | Villager (Male) |
| 1:56 | Create | Villager (Male) |
| 2:09 | Create | Villager (Male) |
| 2:22 | Build | Lumber Camp |
| 2:39 | Create | Villager (Male) |
| 2:49 | Create | Villager (Male) |
| 3:18 | Create | Villager (Male) |
| 3:29 | Create | Villager (Male) |
| 3:56 | Build | House |
| 3:58 | Build | House |
| 3:58 | Build | House |
| 3:59 | Create | Villager (Male) |
| 4:33 | Create | Villager (Male) |
| 4:33 | Create | Villager (Male) |
| 4:39 | Create | Villager (Male) |
| 4:52 | Build | Mill |
| 5:52 | Create | Villager (Male) |
| 5:55 | Build | Farm |
| 5:56 | Build | Farm |
| 6:02 | Build | Farm |
| 6:09 | Create | Villager (Male) |
| 6:09 | Create | Villager (Male) |
| 6:17 | Build | Farm |
| 6:33 | Create | Villager (Male) |
| 6:44 | Build | Farm |
| 6:47 | Create | Villager (Male) |
| 7:05 | Create | Villager (Male) |
| 7:05 | Create | Villager (Male) |
| 7:18 | Create | Villager (Male) |
| 7:35 | Create | Villager (Male) |
| 7:35 | Create | Villager (Male) |
| 7:45 | Build | Palisade Gate |
| 7:48 | Build | Palisade Gate |
| 7:51 | Create | Villager (Male) |
| 7:51 | Create | Villager (Male) |
| 7:53 | Create | Villager (Male) |
| 7:53 | Create | Villager (Male) |
| 8:04 | Build | Palisade Gate |
| 8:15 | Create | Villager (Male) |
| 8:15 | Create | Villager (Male) |
| 8:17 | Create | Villager (Male) |
| 8:37 | Create | Villager (Male) |
| 9:06 | Build | Mining Camp |
| 9:21 | Research | Feudal Age |
| 10:07 | Build | Farm |
| 10:09 | Build | Farm |
| 10:11 | Build | Farm |
| 10:18 | Build | Farm |
| 11:47 | Age | Feudal Age |
| 11:54 | Research | Castle Age |
| 11:54 | Research | Castle Age |
| 12:07 | Build | Stable |
| 12:49 | Build | Stable |
| 12:59 | Build | Farm |
| 13:00 | Research | Double-Bit Axe |
| 13:03 | Research | Horse Collar |
| 13:04 | Research | Horse Collar |
| 13:14 | Create | Scout Cavalry |
| 13:57 | Create | Scout Cavalry |
| 13:59 | Create | Villager (Male) |
| 14:04 | Build | House |
| 14:06 | Create | Scout Cavalry |
| 14:10 | Build | House |
| 14:10 | Build | House |
| 14:20 | Create | Scout Cavalry |
| 14:32 | Create | Scout Cavalry |
| 14:34 | Age | Castle Age |
| 14:37 | Create | Scout Cavalry |
| 14:37 | Research | Light Cavalry (upgrade) |
| 14:40 | Research | Husbandry |
| 14:58 | Create | Villager (Male) |
| 15:24 | Create | Scout Cavalry |
| 15:24 | Create | Scout Cavalry |
| 15:25 | Create | Villager (Male) |
| 15:31 | Build | Blacksmith |
| 15:31 | Create | Villager (Male) |
| 15:38 | Create | Scout Cavalry |
| 15:41 | Create | Scout Cavalry |
| 15:48 | Research | Bloodlines |
| 15:59 | Create | Villager (Male) |
| 16:00 | Build | Farm |
| 16:04 | Create | Villager (Male) |
| 16:11 | Build | House |
| 16:28 | Build | Farm |
| 16:37 | Research | Scale Barding Armor |
| 16:37 | Research | Scale Barding Armor |
| 16:53 | Create | Villager (Male) |
| 17:20 | Create | Villager (Male) |
| 17:22 | Create | Villager (Male) |
| 17:37 | Create | Villager (Male) |
| 17:53 | Create | Villager (Male) |
| 17:56 | Build | Farm |
| 17:57 | Build | Farm |
| 17:58 | Build | Farm |
| 17:59 | Build | Farm |
| 18:00 | Create | Villager (Male) |
| 18:03 | Build | Farm |
| 18:04 | Build | Farm |
| 18:04 | Build | Farm |
| 18:05 | Build | Farm |
| 18:23 | Build | House |
| 18:29 | Research | Chain Barding Armor |
| 18:30 | Research | Chain Barding Armor |
| 18:34 | Build | Farm |
| 18:36 | Create | Villager (Male) |
| 18:44 | Create | Villager (Male) |
| 18:53 | Build | Farm |
| 19:01 | Build | House |
| 19:08 | Research | Forging |
| 19:08 | Research | Forging |
| 19:18 | Create | Villager (Male) |
| 20:00 | Create | Villager (Male) |
| 20:17 | Create | Villager (Male) |
| 20:26 | Create | Villager (Male) |
| 20:30 | Create | Villager (Male) |
| 20:32 | Create | Villager (Male) |
| 20:49 | Create | Villager (Male) |
| 20:52 | Create | Scout Cavalry |
| 20:52 | Create | Scout Cavalry |
| 20:52 | Create | Scout Cavalry |
| 21:07 | Research | Iron Casting |
| 21:27 | Create | Scout Cavalry |
| 21:27 | Create | Villager (Male) |
| 21:29 | Build | House |
| 21:30 | Build | House |
| 21:39 | Create | Villager (Male) |
| 21:43 | Build | Town Center |
| 21:54 | Create | Villager (Male) |
| 22:06 | Create | Scout Cavalry |
| 22:06 | Create | Scout Cavalry |
| 22:06 | Create | Scout Cavalry |
| 22:13 | Create | Villager (Male) |
| 22:19 | Research | Heavy Plow |
| 22:22 | Create | Villager (Male) |
| 22:22 | Create | Villager (Male) |
| 22:24 | Build | Lumber Camp |
| 22:47 | Create | Villager (Male) |
| 22:50 | Create | Villager (Male) |
| 23:04 | Create | Villager (Male) |
| 23:14 | Create | Villager (Male) |
| 23:24 | Create | Villager (Male) |
| 23:24 | Create | Villager (Male) |
| 23:25 | Create | Villager (Male) |
| 23:28 | Create | Villager (Male) |
Build order — Bzm_Thejose
First 150 of 556 actions detected
| 0:01 | Create | Villager (Male) |
| 0:02 | Create | Villager (Male) |
| 0:03 | Build | House |
| 0:04 | Build | House |
| 0:09 | Create | Villager (Male) |
| 0:12 | Create | Villager (Male) |
| 1:24 | Create | Villager (Male) |
| 1:24 | Create | Villager (Male) |
| 1:46 | Build | Lumber Camp |
| 2:00 | Create | Villager (Male) |
| 2:18 | Create | Villager (Male) |
| 2:48 | Create | Villager (Male) |
| 3:12 | Create | Villager (Male) |
| 3:39 | Create | Villager (Male) |
| 3:39 | Create | Villager (Male) |
| 3:39 | Create | Villager (Male) |
| 3:47 | Build | House |
| 4:03 | Create | Villager (Male) |
| 4:40 | Build | Mill |
| 4:58 | Create | Villager (Male) |
| 4:58 | Create | Villager (Male) |
| 5:39 | Create | Villager (Male) |
| 5:41 | Create | Villager (Male) |
| 6:43 | Research | Feudal Age |
| 8:09 | Build | House |
| 8:44 | Create | Villager (Male) |
| 8:53 | Age | Feudal Age |
| 8:56 | Build | Town Center |
| 8:56 | Create | Villager (Male) |
| 8:58 | Research | Double-Bit Axe |
| 9:05 | Create | Villager (Male) |
| 9:14 | Research | Horse Collar |
| 9:37 | Create | Villager (Male) |
| 9:37 | Create | Villager (Male) |
| 9:46 | Build | Farm |
| 10:05 | Create | Villager (Male) |
| 10:11 | Build | Farm |
| 10:26 | Build | Farm |
| 10:26 | Create | Villager (Male) |
| 10:27 | Create | Villager (Male) |
| 10:27 | Create | Villager (Male) |
| 10:27 | Create | Villager (Male) |
| 10:28 | Create | Villager (Male) |
| 10:41 | Build | House |
| 10:43 | Build | House |
| 10:48 | Create | Villager (Male) |
| 10:55 | Build | Farm |
| 11:06 | Build | Farm |
| 11:13 | Create | Villager (Male) |
| 11:20 | Build | Farm |
| 11:22 | Create | Villager (Male) |
| 11:27 | Build | House |
| 11:35 | Build | Farm |
| 11:37 | Create | Villager (Male) |
| 11:37 | Create | Villager (Male) |
| 11:51 | Build | Farm |
| 11:56 | Create | Villager (Male) |
| 12:08 | Create | Villager (Male) |
| 12:15 | Build | House |
| 12:16 | Create | Villager (Male) |
| 12:18 | Build | Farm |
| 12:25 | Create | Villager (Male) |
| 12:38 | Create | Villager (Male) |
| 12:38 | Create | Villager (Male) |
| 12:41 | Build | Farm |
| 12:47 | Build | House |
| 12:49 | Create | Villager (Male) |
| 12:59 | Build | Farm |
| 13:01 | Build | Farm |
| 13:03 | Build | Farm |
| 13:04 | Create | Villager (Male) |
| 13:08 | Create | Villager (Male) |
| 13:08 | Create | Villager (Male) |
| 13:14 | Build | Farm |
| 13:21 | Build | Farm |
| 13:29 | Create | Villager (Male) |
| 13:30 | Create | Villager (Male) |
| 13:35 | Build | House |
| 13:47 | Build | Barracks |
| 13:55 | Build | Farm |
| 13:57 | Create | Villager (Male) |
| 14:08 | Create | Villager (Male) |
| 14:18 | Create | Villager (Male) |
| 14:22 | Build | Farm |
| 14:28 | Create | Villager (Male) |
| 14:33 | Build | Blacksmith |
| 14:43 | Build | Farm |
| 14:49 | Create | Villager (Male) |
| 14:50 | Create | Villager (Male) |
| 15:06 | Build | Stable |
| 15:09 | Create | Villager (Male) |
| 15:10 | Create | Villager (Male) |
| 15:19 | Build | Farm |
| 15:34 | Build | Farm |
| 15:36 | Build | Farm |
| 15:37 | Build | Farm |
| 15:38 | Build | Farm |
| 15:40 | Build | Farm |
| 15:42 | Create | Villager (Male) |
| 15:48 | Build | House |
| 15:49 | Create | Villager (Male) |
| 15:50 | Create | Villager (Male) |
| 15:50 | Create | Villager (Male) |
| 15:50 | Create | Villager (Male) |
| 15:58 | Build | Mining Camp |
| 16:16 | Create | Villager (Male) |
| 16:24 | Build | House |
| 16:25 | Build | House |
| 16:26 | Build | House |
| 16:56 | Build | Stable |
| 17:04 | Research | Castle Age |
| 17:10 | Create | Villager (Male) |
| 17:18 | Build | Farm |
| 17:21 | Build | Farm |
| 17:24 | Build | Farm |
| 17:46 | Build | Farm |
| 17:54 | Research | Wheelbarrow |
| 18:00 | Build | Farm |
| 18:02 | Research | Gold Mining |
| 18:05 | Build | Farm |
| 18:09 | Build | Farm |
| 18:18 | Build | Stable |
| 18:20 | Build | House |
| 18:21 | Build | House |
| 18:23 | Research | Scale Barding Armor |
| 18:31 | Research | Bloodlines |
| 18:57 | Build | Farm |
| 19:00 | Build | Farm |
| 19:06 | Create | Villager (Male) |
| 19:10 | Create | Villager (Male) |
| 19:39 | Create | Villager (Male) |
| 19:45 | Build | House |
| 19:46 | Build | House |
| 19:47 | Age | Castle Age |
| 19:53 | Create | Steppe Lancer |
| 19:53 | Create | Steppe Lancer |
| 19:53 | Create | Steppe Lancer |
| 19:55 | Research | Bow Saw |
| 19:55 | Research | Bow Saw |
| 19:56 | Research | Heavy Plow |
| 19:56 | Research | Heavy Plow |
| 19:57 | Research | Gold Shaft Mining |
| 19:57 | Research | Gold Shaft Mining |
| 20:00 | Create | Villager (Male) |
| 20:09 | Build | Farm |
| 20:11 | Build | Farm |
| 20:14 | Build | Farm |
| 20:20 | Build | Farm |
| 20:21 | Create | Steppe Lancer |
| 20:21 | Create | Steppe Lancer |
Build order — Bzm_Kuvâ-yı Milliye
First 150 of 168 actions detected
| 0:02 | Create | Villager (Male) |
| 0:02 | Create | Villager (Male) |
| 0:02 | Create | Villager (Male) |
| 0:03 | Create | Villager (Male) |
| 0:03 | Create | Villager (Male) |
| 0:04 | Create | Villager (Male) |
| 0:05 | Build | House |
| 0:06 | Build | House |
| 1:37 | Create | Villager (Male) |
| 1:37 | Create | Villager (Male) |
| 1:56 | Create | Villager (Male) |
| 1:56 | Create | Villager (Male) |
| 2:05 | Create | Villager (Male) |
| 2:05 | Create | Villager (Male) |
| 2:13 | Build | Lumber Camp |
| 2:34 | Create | Villager (Male) |
| 2:35 | Create | Villager (Male) |
| 2:40 | Create | Villager (Male) |
| 2:40 | Create | Villager (Male) |
| 3:45 | Create | Villager (Male) |
| 3:45 | Create | Villager (Male) |
| 3:55 | Build | House |
| 3:57 | Build | House |
| 4:01 | Create | Villager (Male) |
| 4:01 | Create | Villager (Male) |
| 4:55 | Create | Villager (Male) |
| 4:56 | Create | Villager (Male) |
| 5:17 | Build | Mill |
| 5:44 | Create | Villager (Male) |
| 6:10 | Create | Villager (Male) |
| 6:42 | Create | Villager (Male) |
| 6:43 | Create | Villager (Male) |
| 6:59 | Build | Mill |
| 7:10 | Create | Villager (Male) |
| 7:10 | Create | Villager (Male) |
| 7:10 | Create | Villager (Male) |
| 7:10 | Create | Villager (Male) |
| 7:52 | Build | Farm |
| 7:56 | Build | Farm |
| 8:22 | Research | Feudal Age |
| 8:44 | Build | Mining Camp |
| 8:56 | Build | Palisade Wall |
| 9:05 | Research | Loom |
| 9:07 | Create | Villager (Male) |
| 9:19 | Build | House |
| 9:20 | Build | House |
| 9:21 | Build | Palisade Wall |
| 9:36 | Build | Farm |
| 9:49 | Build | Palisade Wall |
| 10:07 | Create | Villager (Male) |
| 11:00 | Age | Feudal Age |
| 11:13 | Build | Blacksmith |
| 11:16 | Build | Market |
| 11:46 | Build | Farm |
| 11:48 | Build | Farm |
| 12:07 | Research | Castle Age |
| 12:26 | Research | Double-Bit Axe |
| 13:07 | Research | Horse Collar |
| 13:08 | Research | Loom |
| 14:19 | Create | Villager (Male) |
| 14:19 | Create | Villager (Male) |
| 14:47 | Age | Castle Age |
| 14:53 | Build | Town Center |
| 14:59 | Create | Villager (Male) |
| 14:59 | Create | Villager (Male) |
| 14:59 | Create | Villager (Male) |
| 15:15 | Create | Villager (Male) |
| 15:15 | Create | Villager (Male) |
| 15:15 | Create | Villager (Male) |
| 15:23 | Build | Town Center |
| 15:33 | Create | Villager (Male) |
| 15:34 | Create | Villager (Male) |
| 15:34 | Create | Villager (Male) |
| 15:40 | Research | Heavy Plow |
| 15:54 | Build | House |
| 15:56 | Build | Palisade Wall |
| 15:57 | Build | Palisade Wall |
| 16:32 | Create | Villager (Male) |
| 16:32 | Create | Villager (Male) |
| 16:46 | Build | Siege Workshop |
| 16:59 | Build | Farm |
| 16:59 | Build | Farm |
| 16:59 | Build | Farm |
| 17:00 | Build | Farm |
| 17:00 | Build | Farm |
| 17:00 | Build | Farm |
| 17:00 | Build | Farm |
| 17:01 | Build | Farm |
| 17:01 | Build | Farm |
| 17:01 | Build | Farm |
| 17:01 | Build | Farm |
| 17:01 | Build | Farm |
| 17:25 | Create | Villager (Male) |
| 17:26 | Create | Villager (Male) |
| 17:52 | Build | Farm |
| 17:55 | Build | Farm |
| 17:57 | Build | Farm |
| 18:00 | Build | Farm |
| 18:01 | Build | Farm |
| 18:07 | Build | Farm |
| 18:07 | Build | Farm |
| 18:17 | Create | Villager (Male) |
| 18:26 | Create | Mangonel |
| 18:26 | Create | Battering Ram |
| 18:26 | Create | Battering Ram |
| 18:38 | Create | Villager (Male) |
| 18:38 | Create | Villager (Male) |
| 18:41 | Build | Farm |
| 18:45 | Build | Farm |
| 18:57 | Create | Villager (Male) |
| 19:06 | Create | Villager (Male) |
| 19:06 | Create | Villager (Male) |
| 19:22 | Create | Villager (Male) |
| 19:22 | Create | Villager (Male) |
| 19:22 | Create | Villager (Male) |
| 19:41 | Build | House |
| 19:42 | Create | Villager (Male) |
| 19:43 | Create | Villager (Male) |
| 19:43 | Create | Villager (Male) |
| 19:48 | Create | Villager (Male) |
| 19:48 | Create | Villager (Male) |
| 19:53 | Build | Palisade Wall |
| 20:02 | Create | Villager (Male) |
| 20:03 | Create | Villager (Male) |
| 20:37 | Build | Farm |
| 20:38 | Build | Farm |
| 20:38 | Build | Farm |
| 20:47 | Create | Villager (Male) |
| 20:48 | Create | Villager (Male) |
| 20:58 | Create | Villager (Male) |
| 20:59 | Create | Villager (Male) |
| 21:36 | Create | Villager (Male) |
| 21:36 | Create | Villager (Male) |
| 21:38 | Create | Villager (Male) |
| 21:38 | Create | Villager (Male) |
| 22:17 | Build | Farm |
| 22:17 | Create | Villager (Male) |
| 22:17 | Create | Villager (Male) |
| 22:18 | Create | Villager (Male) |
| 22:22 | Create | Villager (Male) |
| 22:43 | Create | Villager (Male) |
| 22:43 | Create | Villager (Male) |
| 22:48 | Build | House |
| 22:49 | Build | House |
| 22:50 | Build | House |
| 22:52 | Create | Villager (Male) |
| 22:52 | Create | Villager (Male) |
| 23:07 | Create | Villager (Male) |
| 23:07 | Create | Villager (Male) |
| 23:21 | Create | Villager (Male) |
Build order — caterpie
First 150 of 657 actions detected
| 0:01 | Create | Villager (Male) ×4 |
| 0:02 | Build | House |
| 0:04 | Build | House |
| 1:20 | Create | Villager (Male) |
| 1:52 | Create | Villager (Male) |
| 2:23 | Create | Villager (Male) |
| 2:24 | Create | Villager (Male) |
| 2:25 | Build | Lumber Camp |
| 3:04 | Create | Villager (Male) |
| 3:05 | Create | Villager (Male) |
| 3:29 | Create | Villager (Male) |
| 3:48 | Build | House |
| 4:07 | Create | Villager (Male) |
| 4:42 | Build | Mining Camp |
| 4:55 | Create | Villager (Male) |
| 4:56 | Create | Villager (Male) |
| 5:47 | Research | Loom |
| 6:13 | Research | Feudal Age |
| 6:49 | Build | House |
| 7:06 | Create | Villager (Male) |
| 7:54 | Build | Mill |
| 8:26 | Age | Feudal Age |
| 8:31 | Research | Double-Bit Axe |
| 8:36 | Build | Watch Tower |
| 8:41 | Create | Villager (Male) |
| 9:02 | Create | Villager (Male) |
| 9:08 | Build | Blacksmith |
| 9:09 | Build | House |
| 9:42 | Build | Mill |
| 9:43 | Create | Villager (Male) |
| 10:08 | Create | Villager (Male) |
| 10:34 | Create | Villager (Male) |
| 10:50 | Build | Watch Tower |
| 11:09 | Create | Villager (Male) |
| 11:45 | Build | Watch Tower |
| 11:45 | Create | Villager (Male) |
| 11:46 | Create | Villager (Male) |
| 12:15 | Create | Villager (Male) |
| 12:15 | Create | Villager (Male) |
| 12:34 | Create | Villager (Male) |
| 12:34 | Create | Villager (Male) |
| 12:35 | Create | Villager (Male) |
| 12:50 | Build | Watch Tower |
| 12:55 | Create | Villager (Male) |
| 13:10 | Build | Stone Wall |
| 13:13 | Build | Stone Wall |
| 13:27 | Build | Barracks |
| 13:47 | Research | Wheelbarrow |
| 14:05 | Create | Villager (Male) |
| 14:13 | Build | Stable |
| 14:16 | Create | Villager (Male) |
| 14:38 | Create | Scout Cavalry |
| 14:39 | Create | Scout Cavalry |
| 14:56 | Build | Stone Wall |
| 15:09 | Create | Villager (Male) |
| 15:15 | Create | Villager (Male) |
| 15:19 | Create | Villager (Male) |
| 15:20 | Create | Villager (Male) |
| 15:25 | Build | Mining Camp |
| 15:39 | Build | Stone Wall |
| 15:40 | Build | Stone Wall |
| 15:42 | Build | Stone Wall |
| 16:15 | Create | Villager (Male) |
| 16:39 | Build | Farm |
| 16:40 | Build | Farm |
| 16:41 | Build | Farm |
| 16:41 | Build | Farm |
| 16:41 | Build | Farm |
| 16:42 | Research | Horse Collar |
| 17:04 | Build | Watch Tower |
| 17:13 | Create | Villager (Male) |
| 17:14 | Create | Villager (Male) |
| 17:17 | Build | Stone Wall |
| 17:25 | Build | Farm |
| 17:26 | Build | Farm |
| 17:26 | Build | Farm |
| 17:26 | Build | Farm |
| 17:30 | Build | Farm |
| 17:51 | Build | Market |
| 18:08 | Create | Villager (Male) |
| 18:23 | Create | Villager (Male) |
| 18:27 | Build | Stone Wall |
| 18:29 | Build | Stone Wall |
| 18:29 | Build | Stone Wall |
| 18:39 | Build | Farm |
| 18:39 | Build | Farm |
| 18:42 | Build | Farm |
| 18:43 | Build | Farm |
| 19:16 | Create | Villager (Male) |
| 19:21 | Build | Watch Tower |
| 19:43 | Build | Stone Wall |
| 19:51 | Build | Stone Wall |
| 19:55 | Build | Stone Wall |
| 20:01 | Create | Villager (Male) |
| 20:36 | Create | Villager (Male) |
| 20:36 | Create | Villager (Male) |
| 20:49 | Research | Castle Age |
| 20:52 | Build | Farm |
| 20:52 | Build | Farm |
| 20:52 | Build | Farm |
| 20:53 | Build | Farm |
| 21:04 | Build | Stone Wall |
| 21:06 | Build | Stone Wall |
| 21:11 | Build | House |
| 21:13 | Build | Stone Wall |
| 21:25 | Create | Villager (Male) |
| 21:25 | Create | Villager (Male) |
| 22:15 | Build | Gate |
| 23:29 | Age | Castle Age |
| 23:36 | Build | Siege Workshop |
| 23:47 | Build | Monastery |
| 23:53 | Research | Fletching |
| 23:56 | Research | Bow Saw |
| 23:57 | Research | Heavy Plow |
| 24:09 | Create | Mangonel |
| 24:19 | Create | Villager (Male) |
| 24:19 | Create | Villager (Male) |
| 24:28 | Research | Bodkin Arrow |
| 24:29 | Create | Villager (Male) |
| 24:33 | Create | Villager (Male) |
| 24:47 | Create | Mangonel |
| 24:48 | Create | Villager (Male) |
| 24:48 | Create | Villager (Male) |
| 24:49 | Create | Villager (Male) |
| 25:08 | Create | Villager (Male) |
| 25:09 | Create | Villager (Male) |
| 25:15 | Create | Mangonel |
| 25:35 | Create | Villager (Male) |
| 25:35 | Create | Villager (Male) |
| 25:54 | Create | Villager (Male) |
| 25:56 | Create | Villager (Male) |
| 26:00 | Create | Villager (Male) |
| 26:04 | Create | Mangonel |
| 26:11 | Create | Villager (Male) |
| 26:24 | Build | Town Center |
| 26:38 | Research | Fervor |
| 26:40 | Create | Villager (Male) |
| 26:44 | Create | Villager (Male) |
| 26:44 | Create | Villager (Male) |
| 27:07 | Create | Mangonel |
| 27:08 | Create | Villager (Male) |
| 27:12 | Build | Watch Tower |
| 27:21 | Create | Villager (Male) |
| 27:22 | Create | Villager (Male) |
| 27:22 | Create | Villager (Male) |
| 27:22 | Create | Villager (Male) |
| 27:29 | Create | Villager (Male) |
| 27:41 | Create | Villager (Male) |
| 27:44 | Create | Villager (Male) |
| 27:48 | Create | Villager (Male) |
Match timeline
| 8:26 | caterpie · age_up feudal |
| 8:53 | Bzm_Thejose · age_up feudal |
| 8:56 | Bzm_Kuvâ-yı Milliye · wall_segment Palisade Wall x3 |
| 9:21 | Bzm_Kuvâ-yı Milliye · wall_segment Palisade Wall x1 |
| 9:49 | Bzm_Kuvâ-yı Milliye · wall_segment Palisade Wall x2 |
| 10:56 | daumasson · age_up feudal |
| 11:00 | Bzm_Kuvâ-yı Milliye · age_up feudal |
| 11:14 | HRA | TheRevMiracle · age_up feudal |
| 11:29 | Bzm_Going · age_up feudal |
| 11:47 | Thundernips, The Ultimate Gigolo · age_up feudal |
| 12:07 | Thundernips, The Ultimate Gigolo · first_building Stable |
| 12:17 | Bzm_Going · first_building Barracks |
| 12:46 | HRA | TheRevMiracle · first_market_sell 100 wood |
| 12:47 | HRA | TheRevMiracle · first_market_buy 100 food |
| 13:04 | Bzm_Castle · age_up feudal |
| 13:10 | caterpie · wall_segment Stone Wall x1 |
| 13:13 | caterpie · wall_segment Stone Wall x1 |
| 13:27 | caterpie · first_building Barracks |
| 13:29 | Bzm_Going · first_building Stable |
| 13:47 | Bzm_Thejose · first_building Barracks |
| 14:11 | HRA | TheRevMiracle · first_building Barracks |
| 14:13 | caterpie · first_building Stable |
| 14:33 | daumasson · age_up castle |
| 14:34 | Thundernips, The Ultimate Gigolo · age_up castle |
| 14:47 | Bzm_Kuvâ-yı Milliye · age_up castle |
| 14:54 | daumasson · first_building Castle |
| 14:56 | caterpie · wall_segment Stone Wall x8 |
| 14:58 | Bzm_Kuvâ-yı Milliye · first_market_buy 500 food |
| 15:06 | Bzm_Thejose · first_building Stable |
| 15:09 | Bzm_Going · age_up castle |
| 15:12 | Bzm_Going · first_building Monastery |
| 15:13 | HRA | TheRevMiracle · age_up castle |
| 15:31 | Bzm_Kuvâ-yı Milliye · first_market_sell 100 wood |
| 15:39 | caterpie · wall_segment Stone Wall x2 |
| 15:40 | caterpie · wall_segment Stone Wall x1 |
| 15:42 | caterpie · wall_segment Stone Wall x1 |
| 15:56 | Bzm_Kuvâ-yı Milliye · wall_segment Palisade Wall x1 |
| 15:57 | Bzm_Kuvâ-yı Milliye · wall_segment Palisade Wall x1 |
| 16:46 | Bzm_Kuvâ-yı Milliye · first_building Siege Workshop |
| 16:59 | Bzm_Castle · age_up castle |
| 17:09 | Bzm_Castle · first_building Castle |
| 17:17 | caterpie · wall_segment Stone Wall x1 |
| 17:25 | HRA | TheRevMiracle · first_building Stable |
| 18:27 | caterpie · wall_segment Stone Wall x6 |
| 18:29 | caterpie · wall_segment Stone Wall x1 |
| 18:29 | caterpie · wall_segment Stone Wall x1 |
| 19:43 | caterpie · wall_segment Stone Wall x1 |
| 19:47 | Bzm_Thejose · age_up castle |
| 19:51 | caterpie · wall_segment Stone Wall x1 |
| 19:53 | Bzm_Kuvâ-yı Milliye · wall_segment Palisade Wall x1 |
| 19:55 | caterpie · wall_segment Stone Wall x1 |
| 20:41 | caterpie · first_market_buy 100 food |
| 21:04 | caterpie · wall_segment Stone Wall x1 |
| 21:06 | caterpie · wall_segment Stone Wall x1 |
| 21:13 | caterpie · wall_segment Stone Wall x1 |
| 22:23 | Bzm_Castle · first_building Siege Workshop |
| 22:29 | Bzm_Castle · first_building Barracks |
| 23:29 | caterpie · age_up castle |
| 23:36 | caterpie · first_building Siege Workshop |
| 23:38 | HRA | TheRevMiracle · first_building Monastery |
| 23:47 | caterpie · first_building Monastery |
| 24:31 | Bzm_Kuvâ-yı Milliye · first_building Castle |
| 25:12 | Bzm_Going · first_market_buy 100 wood |
| 26:45 | Bzm_Castle · wall_segment Stone Wall x6 |
| 27:08 | Bzm_Thejose · first_building Monastery |
| 28:36 | Bzm_Going · first_building Castle |
| 29:03 | daumasson · wall_segment Palisade Wall x1 |
| 29:10 | HRA | TheRevMiracle · age_up imperial |
| 29:23 | daumasson · age_up imperial |
| 29:48 | Bzm_Kuvâ-yı Milliye · wall_segment Stone Wall x1 |
| 29:50 | Bzm_Kuvâ-yı Milliye · wall_segment Stone Wall x1 |
| 30:02 | Bzm_Kuvâ-yı Milliye · wall_segment Stone Wall x1 |
| 30:02 | Bzm_Going · age_up imperial |
| 30:04 | Bzm_Kuvâ-yı Milliye · wall_segment Stone Wall x1 |
| 30:34 | caterpie · wall_segment Stone Wall x6 |
| 30:48 | Bzm_Castle · first_market_sell 100 food |
| 30:50 | Bzm_Castle · first_market_buy 100 stone |
| 30:59 | caterpie · first_market_sell 100 food |
| 32:13 | Thundernips, The Ultimate Gigolo · first_building Barracks |
| 32:17 | caterpie · wall_segment Stone Wall x1 |
| 32:19 | caterpie · wall_segment Stone Wall x1 |
| 32:55 | daumasson · first_market_sell 100 wood |
| 33:20 | Bzm_Thejose · age_up imperial |
| 33:31 | Bzm_Castle · age_up imperial |
| 33:55 | Bzm_Thejose · first_market_sell 500 food |
| 33:59 | caterpie · wall_segment Stone Wall x1 |
| 34:00 | caterpie · wall_segment Stone Wall x1 |
| 34:11 | Thundernips, The Ultimate Gigolo · age_up imperial |
| 34:31 | Thundernips, The Ultimate Gigolo · first_market_sell 100 food |
| 34:31 | Bzm_Thejose · tribute_sent a jugador 1 |
| 34:31 | Bzm_Thejose · tribute_sent a jugador 2 |
| 34:31 | Bzm_Thejose · tribute_sent a jugador 3 |
| 34:31 | Bzm_Thejose · tribute_sent a jugador 4 |
| 34:31 | Bzm_Thejose · tribute_sent a jugador 6 |
| 34:31 | Bzm_Thejose · tribute_sent a jugador 7 |
| 34:31 | Bzm_Thejose · tribute_sent a jugador 8 |
| 34:38 | caterpie · age_up imperial |
| 38:32 | Bzm_Thejose · first_building Siege Workshop |
| 39:18 | daumasson · first_market_buy 100 stone |
| 40:04 | Bzm_Thejose · first_building Castle |
| 40:25 | Bzm_Going · wall_segment Stone Wall x1 |
| 40:48 | HRA | TheRevMiracle · first_building Castle |
| 40:58 | caterpie · first_building Castle |
| 41:50 | Thundernips, The Ultimate Gigolo · first_building Castle |
| 43:56 | HRA | TheRevMiracle · first_building Siege Workshop |
| 44:03 | Thundernips, The Ultimate Gigolo · first_building Siege Workshop |
| 44:16 | HRA | TheRevMiracle · first_building Archery Range |
| 44:44 | Bzm_Going · first_building Siege Workshop |
| 46:29 | daumasson · first_building Barracks |
| 46:52 | caterpie · tribute_sent a jugador 1 |
| 46:52 | caterpie · tribute_sent a jugador 2 |
| 46:52 | caterpie · tribute_sent a jugador 3 |
| 46:52 | caterpie · tribute_sent a jugador 4 |
| 46:52 | caterpie · tribute_sent a jugador 5 |
| 46:52 | caterpie · tribute_sent a jugador 6 |
| 46:52 | caterpie · tribute_sent a jugador 7 |
| 47:06 | HRA | TheRevMiracle · tribute_sent a jugador 1 |
| 47:06 | HRA | TheRevMiracle · tribute_sent a jugador 3 |
| 47:06 | HRA | TheRevMiracle · tribute_sent a jugador 4 |
| 47:06 | HRA | TheRevMiracle · tribute_sent a jugador 5 |
| 47:06 | HRA | TheRevMiracle · tribute_sent a jugador 6 |
| 47:06 | HRA | TheRevMiracle · tribute_sent a jugador 7 |
| 47:06 | HRA | TheRevMiracle · tribute_sent a jugador 8 |
| 47:12 | daumasson · first_building Archery Range |
| 47:44 | caterpie · tribute_sent a jugador 1 |
| 47:44 | caterpie · tribute_sent a jugador 2 |
| 47:44 | caterpie · tribute_sent a jugador 3 |
| 47:44 | caterpie · tribute_sent a jugador 4 |
| 47:44 | caterpie · tribute_sent a jugador 5 |
| 47:44 | caterpie · tribute_sent a jugador 6 |
| 47:44 | caterpie · tribute_sent a jugador 7 |
| 49:26 | Bzm_Thejose · tribute_sent a jugador 1 |
| 49:26 | Bzm_Thejose · tribute_sent a jugador 2 |
| 49:26 | Bzm_Thejose · tribute_sent a jugador 3 |
| 49:26 | Bzm_Thejose · tribute_sent a jugador 4 |
| 49:26 | Bzm_Thejose · tribute_sent a jugador 6 |
| 49:26 | Bzm_Thejose · tribute_sent a jugador 7 |
| 49:26 | Bzm_Thejose · tribute_sent a jugador 8 |
| 50:55 | Thundernips, The Ultimate Gigolo · first_building Monastery |
| 51:46 | caterpie · tribute_sent a jugador 1 |
| 51:46 | caterpie · tribute_sent a jugador 2 |
| 51:46 | caterpie · tribute_sent a jugador 3 |
| 51:46 | caterpie · tribute_sent a jugador 4 |
| 51:46 | caterpie · tribute_sent a jugador 5 |
| 51:46 | caterpie · tribute_sent a jugador 6 |
| 51:46 | caterpie · tribute_sent a jugador 7 |
| 52:36 | Bzm_Thejose · tribute_sent a jugador 1 |
| 52:36 | Bzm_Thejose · tribute_sent a jugador 2 |
| 52:36 | Bzm_Thejose · tribute_sent a jugador 3 |
| 52:36 | Bzm_Thejose · tribute_sent a jugador 4 |
| 52:36 | Bzm_Thejose · tribute_sent a jugador 6 |
| 52:36 | Bzm_Thejose · tribute_sent a jugador 7 |
| 52:36 | Bzm_Thejose · tribute_sent a jugador 8 |
| 55:09 | caterpie · tribute_sent a jugador 1 |
| 55:09 | caterpie · tribute_sent a jugador 2 |
| 55:09 | caterpie · tribute_sent a jugador 3 |
| 55:09 | caterpie · tribute_sent a jugador 4 |
| 55:09 | caterpie · tribute_sent a jugador 5 |
| 55:09 | caterpie · tribute_sent a jugador 6 |
| 55:09 | caterpie · tribute_sent a jugador 7 |
| 55:46 | Bzm_Going · tribute_sent a jugador 1 |
| 55:46 | Bzm_Going · tribute_sent a jugador 2 |
| 55:46 | Bzm_Going · tribute_sent a jugador 4 |
| 55:46 | Bzm_Going · tribute_sent a jugador 5 |
| 55:46 | Bzm_Going · tribute_sent a jugador 6 |
| 55:46 | Bzm_Going · tribute_sent a jugador 7 |
| 55:46 | Bzm_Going · tribute_sent a jugador 8 |
| 55:59 | Bzm_Going · tribute_sent a jugador 1 |
| 55:59 | Bzm_Going · tribute_sent a jugador 2 |
| 55:59 | Bzm_Going · tribute_sent a jugador 4 |
| 55:59 | Bzm_Going · tribute_sent a jugador 5 |
| 55:59 | Bzm_Going · tribute_sent a jugador 6 |
| 55:59 | Bzm_Going · tribute_sent a jugador 7 |
| 55:59 | Bzm_Going · tribute_sent a jugador 8 |
| 56:27 | Bzm_Castle · first_building Archery Range |
| 56:45 | Bzm_Going · wall_segment Palisade Wall x1 |
| 57:50 | caterpie · tribute_sent a jugador 1 |
| 57:50 | caterpie · tribute_sent a jugador 2 |
| 57:50 | caterpie · tribute_sent a jugador 3 |
| 57:50 | caterpie · tribute_sent a jugador 4 |
| 57:50 | caterpie · tribute_sent a jugador 5 |
| 57:50 | caterpie · tribute_sent a jugador 6 |
| 57:50 | caterpie · tribute_sent a jugador 7 |
| 57:53 | Bzm_Going · resign |
[ AI ANALYSIS · 1 CREDIT ]
What really happened in this match?
Wolo.gg analyzes every decision: build order, eco, micro, common mistakes by bracket. Personalized analysis on WhatsApp or Discord in 30 seconds.
Civ guide
Tupi
Perfil
Jugador #13462337